Map: Catalyst LE

Players

Scarlett - Winner!

  • Race: Zerg Zerg
  • Spawn Location: 5:00

Leenock

  • Race: Zerg Zerg
  • Spawn Location: 11:00

Event: IEM Season 12 - Katowice

VOD

Have the link to the VOD?

Description

Time

  • Played on: Feb. 26, 2018, 10:50 a.m.
  • Length: 9:38

All games in this series

Show
View Real Time Build Order
Export as new Build Order

Scarlett Zerg - Winner!

Build Orders: Hatch First 

Get SALT Encoding   

  12  0:00  Drone  
  13  0:12  Overlord  
  13  0:16  Drone  
  14  0:30  Drone x2  
  14  0:35  Drone  
  17  0:51  Hatchery  
  17  0:54  Drone  
  17  0:57  Drone  
  18  1:05  Extractor  
  17  1:12  Spawning Pool  
  17  1:15  Drone  
  17  1:20  Drone  
  18  1:28  Drone  
  19  1:38  Drone  
  20  1:48  Overlord  
  20  1:59  Queen  
  22  2:02  Queen  
  22  2:04  Drone x2  
  22  2:05  Metabolic Boost  
  26  2:11  Drone  
  26  2:14  Drone  
  28  2:22  Drone  
  29  2:25  Drone  
  30  2:32  Zergling x2  
  30  2:36  Zergling x2  
  32  2:37  Queen  
  34  2:45  Drone  
  34  2:47  Baneling Nest  
  34  2:53  Zergling x2  
  34  2:56  Overlord  
  35  3:04  Zergling x2  
  36  3:13  Hatchery  
  36  3:17  Zergling x2  
  36  3:18  Zergling x8  
  39  3:30  Baneling  
  39  3:31  Baneling  
  39  3:32  Drone x3  
  42  3:41  Drone x2  
  44  3:45  Overlord  
  44  3:54  Zergling x2  
  44  3:58  Overlord  
  44  4:03  Queen  
  44  4:05  Zergling x12  
  47  4:20  Drone x2  
  47  4:21  Drone x2  
  48  4:25  Roach Warren, Baneling x2  
  48  4:26  Evolution Chamber  
  46  4:32  Drone x6  
  52  4:49  Zergling x2  
  52  4:50  Zergling x14  
  56  5:01  Zerg Missile Weapons Level 1  
  56  5:03  Zergling x12  
  58  5:08  Zergling x6  
  58  5:11  Baneling x3  
  59  5:18  Zergling x8  
  59  5:19  Queen  
  56  5:26  Baneling  
  56  5:28  Baneling x3  
  51  5:34  Zergling x10  
  53  5:41  Baneling  
  53  5:42  Baneling  
  51  5:44  Queen  
  51  5:46  Extractor  
  51  5:47  Extractor  
  48  5:57  Roach  
  48  5:59  Roach  
  48  6:00  Drone x6  
  57  6:11  Drone  
  57  6:12  Drone x4  
  62  6:18  Queen  
  63  6:33  Lair  
  63  6:34  Roach  
  56  6:40  Drone x6  
  56  6:41  Drone x3  
  56  6:45  Roach  
  65  6:52  Roach x2  
  65  7:00  Overlord x2  
  60  7:10  Roach x2  
  60  7:11  Zergling x2  
  60  7:15  Overlord  
  65  7:17  Ravager  
  65  7:20  Roach x3  
  72  7:25  Roach x2  
  74  7:30  Queen  
  74  7:33  Ravager  
  74  7:34  Roach x2, Zergling x2  
  79  7:38  Roach  
  79  7:44  Roach x2  
  78  7:48  Roach x2  
  78  7:49  Roach  
  72  7:58  Roach x2  
  72  8:04  Roach x2  
  71  8:10  Glial Reconstitution  
  71  8:11  Drone x2  
  72  8:15  Drone  
  72  8:18  Roach  
  75  8:20  Roach  
  75  8:23  Ravager  
  75  8:24  Roach  
  80  8:30  Roach x2  
  84  8:34  Overlord  
  84  8:37  Roach  
  86  8:41  Roach  
  86  8:42  Roach  
  90  8:51  Overlord  
  90  8:54  Roach x2  
  90  9:05  Roach  
  90  9:06  Roach x4  
  98  9:16  Roach  
  98  9:17  Roach x3  
Show
View Real Time Build Order
Export as new Build Order

Leenock Zerg 

Build Orders: Hatch First, Zergling Baneling 

Get SALT Encoding   

  12  0:00  Drone  
  13  0:12  Overlord  
  13  0:17  Drone  
  14  0:30  Drone x2  
  14  0:34  Drone  
  17  0:51  Hatchery  
  17  0:54  Drone  
  17  0:58  Drone  
  18  1:05  Extractor  
  17  1:13  Spawning Pool  
  17  1:16  Drone  
  17  1:19  Drone  
  18  1:28  Drone  
  19  1:39  Overlord  
  19  1:59  Queen  
  19  2:00  Zergling x4  
  23  2:03  Queen  
  23  2:04  Zergling x2  
  23  2:05  Metabolic Boost  
  26  2:10  Drone  
  26  2:14  Drone  
  28  2:22  Drone  
  29  2:25  Drone  
  29  2:27  Baneling Nest  
  29  2:34  Drone  
  30  2:37  Drone  
  30  2:43  Overlord  
  31  2:47  Drone  
  32  2:54  Drone  
  33  3:01  Hatchery  
  33  3:04  Zergling x2  
  33  3:07  Drone  
  33  3:11  Drone  
  33  3:12  Drone  
  36  3:15  Drone  
  36  3:16  Drone  
  36  3:18  Drone  
  39  3:26  Zergling x4  
  40  3:28  Baneling x2  
  40  3:32  Overlord  
  40  3:37  Queen  
  40  3:38  Drone  
  40  3:40  Drone  
  44  3:45  Baneling x2  
  44  3:46  Overlord  
  44  3:53  Zergling x4  
  44  3:54  Zergling x4  
  47  3:57  Zergling x4  
  47  3:59  Zergling x2  
  49  4:03  Zergling x2  
  49  4:04  Zergling x2  
  49  4:05  Zergling x2  
  52  4:10  Extractor  
  52  4:13  Zergling x2, Hatchery  
  50  4:19  Zergling x4  
  52  4:25  Zergling x6  
  52  4:26  Zergling x6  
  58  4:34  Baneling  
  58  4:41  Zergling x2  
  58  4:42  Hatchery  
  58  4:43  Zergling x2  
  58  4:44  Zergling x2  
  56  4:46  Zergling x2  
  52  4:54  Baneling, Zergling x6  
  52  4:55  Baneling x2  
  52  4:57  Zergling x8  
  52  4:59  Zergling x2  
  56  5:07  Zergling x2  
  56  5:13  Zergling x2  
  58  5:18  Zergling x2  
  58  5:24  Zergling x2  
  51  5:30  Roach Warren, Extractor  
  51  5:31  Zergling x2  
  51  5:33  Zergling x2  
  47  5:46  Drone  
  47  5:47  Drone  
  47  5:49  Extractor  
  48  5:51  Drone  
  43  5:58  Zergling x2  
  43  5:59  Zergling x6  
  43  6:00  Zergling x2  
  43  6:01  Zergling x4  
  43  6:03  Baneling x2  
  49  6:10  Overlord  
  49  6:17  Drone x3  
  51  6:19  Baneling x2  
  50  6:26  Roach x4  
  50  6:28  Baneling  
  50  6:29  Baneling  
  50  6:31  Roach  
  50  6:32  Roach x5  
  70  6:34  Overlord  
  68  6:47  Roach  
  68  6:48  Roach x2  
  68  6:51  Roach  
  68  6:53  Roach  
  75  6:55  Roach x2  
  75  6:58  Roach  
  75  7:00  Overlord x2  
  78  7:06  Zergling x8  
  78  7:08  Zergling x4  
  82  7:11  Overlord  
  82  7:13  Baneling  
  82  7:14  Baneling  
  76  7:31  Zergling x6  
  76  7:33  Ravager  
  71  7:39  Roach  
  71  7:41  Roach x2  
  71  7:42  Roach x2  
  71  7:43  Roach x2, Zergling x2  
  79  7:45  Roach  
  79  7:46  Roach x2  
  79  7:49  Roach  
  76  8:01  Roach  
  76  8:03  Roach x3  
  76  8:04  Roach  
  81  8:09  Roach  
  79  8:14  Drone x2  
  79  8:18  Ravager x3  
  84  8:35  Zergling x2  
  84  8:36  Zergling x14  
  84  8:38  Roach  
  84  8:41  Roach  
  96  8:45  Baneling x2  
  96  8:46  Ravager x2  
  96  8:47  Roach  
  100  8:50  Roach  
  100  8:53  Overlord  
  102  9:02  Roach  
  92  9:05  Roach x3  
  92  9:09  Roach  
  98  9:14  Roach x2  
  98  9:16  Roach  
  83  9:19  Roach  

Tags
 
Add a new tag
Caveats
  • Supply blocks, unpowered buildings, or Contaminate may cause inaccurate times.
  • Supply counts are checked every 10 seconds.